 Dungeon Crawl Stone Soup version 0.21.1-1-g345015f (webtiles) character file.

107 Fang the Chopper (level 4, 0/29 HPs)
             Began as a Gargoyle Berserker on May 23, 2018.
             Was a Believer of Trog.
             Slain by an orc priest (1 damage)
             ... on level 3 of the Dungeon.
             The game lasted 00:02:03 (1339 turns).

Fang the Chopper (Gargoyle Berserker)               Turns: 1339, Time: 00:02:03

Health: 0/29       AC:  5    Str: 21    XL:     4   Next: 86%
Magic:  4/4        EV: 12    Int:  8    God:    Trog [**....]
Gold:   132        SH:  0    Dex:  9    Spells: 3/3 levels left

rFire    . . .     SeeInvis .   a - +0 hand axe
rCold    . . .     Gourm    .   (no shield)
rNeg     + . .     Faith    .   b - +0 animal skin
rPois    ∞         Spirit   .   (no helmet)
rElec    +         Reflect  .   (no cloak)
rCorr    .         Harm     .   (no gloves)
MR       .....                  (no boots)
Stlth    +.........             (no amulet)
HPRegen  0.09/turn              (no ring)
MPRegen  0.09/turn              (no ring)

@: berserk cooldown, flying, slowed, invisible, very slow
A: negative energy resistance 1, electricity resistance, unbreathing,
petrification resistance, rot immunity, AC +3
a: Berserk, Trog's Hand, Burn Spellbooks, Renounce Religion


You were on level 3 of the Dungeon.
You worshipped Trog.
Trog was pleased with you.
You were not hungry.

You visited 1 branch of the dungeon, and saw 3 of its levels.

You collected 132 gold pieces.

Inventory:

Hand Weapons
 a - a +0 hand axe (weapon)
Armour
 b - a +0 animal skin (worn)
Jewellery
 f - an uncursed ring of flight {unknown}
Scrolls
 e - a scroll of blinking {unknown}
 h - 2 scrolls of fear {unknown}
 i - 2 scrolls of teleportation {unknown}
 j - 2 scrolls of identify {unknown}
 k - a scroll of remove curse {unknown}
 l - 3 scrolls of magic mapping {unknown}
Potions
 g - a potion of invisibility
 m - a potion of might {unknown}
 n - a potion of resistance {unknown}
Comestibles
 c - 6 rations


   Skills:
 + Level 3.9 Fighting
 + Level 4.0 Axes
 + Level 2.4 Armour
 + Level 2.1 Dodging
 + Level 1.0 Stealth


You had 3 spell levels left.
You didn't know any spells.

Dungeon Overview and Level Annotations

Branches:
Dungeon (3/15)

Altars:


Innate Abilities, Weirdness & Mutations

You are resistant to torment.
Your stone body is resilient. (AC +3)
You are immune to poison.
You resist negative energy. (rN+)
You are resistant to electric shocks. (rElec)
You can survive without breathing.
You are immune to petrification.
You are immune to rotting.


Message History

The orc hits you but does no damage.
An orc comes into view. It is wielding a club.
The orc shouts!
You hit the orc priest but do no damage.
The orc priest is heavily wounded.
You hit the orc but do no damage. The orc priest hits you.
* * * LOW HITPOINT WARNING * * *
The orc hits you but does no damage.
The orc priest hits you but does no damage.
The orc barely misses you. The orc hits you but does no damage.
It was a potion of flight.
You feel very buoyant.
You fly up into the air.
The orc priest barely misses you. The orc hits you but does no damage.
The orc hits you with a club.
* * * LOW HITPOINT WARNING * * *
It was a potion of invisibility.
You fade into invisibility!
The orc priest closely misses you. The orc barely misses you.
The orc misses you. The orc priest hits you.
You die...

# #..#...# .# #.
#..#...#####.# #..
#.<........#.#
#..####..#.......#.##
#(.........<........
###...........# #.#.# #
......)o......###.#.####
......o@.(.?............
########o(#.............
#..#.#.###.#.####
..............# #
......#.#.#####.# #
######.#.#.# #.# .......
#.# ##.#....# ..# #.# #.
###


You could see an orc priest and 2 orcs.

Vanquished Creatures
  Natasha (D:3)
  3 adders
  2 oozes (D:1)
  3 worms
  2 dart slugs
  An orc (D:3)
  2 giant cockroaches
  4 goblins
  7 hobgoblins
  4 kobolds
  4 bats
  A frilled lizard (D:1)
  4 rats
38 creatures vanquished.

Notes
Turn   | Place    | Note
-------+----------+-------------------------------------------
     0 | D:1      | Fang the Gargoyle Berserker began the quest for the Orb.
     0 | D:1      | Reached XP level 1. HP: 14/14 MP: 1/1
    69 | D:1      | Reached XP level 2. HP: 12/19 MP: 2/2
   151 | D:1      | Reached skill level 3 in Axes
   359 | D:1      | Reached XP level 3. HP: 18/24 MP: 3/3
   787 | D:2      | Reached ** piety under Trog
  1142 | D:3      | Reached XP level 4. HP: 21/29 MP: 4/4
  1311 | D:3      | Noticed Natasha
  1317 | D:3      | Killed Natasha
  1317 | D:3      | Reached skill level 4 in Axes
  1336 | D:3      | Reached skill level 1 in Stealth
  1338 | D:3      | HP: 1/29 [orc/club (1)]
  1339 | D:3      | Slain by an orc priest

Skill      XL: |  1  2  3  4 |
---------------+-------------+-----
Axes           | 3 4 |  4.0
Dodging        | 2 |  2.1
Stealth        | 1 |  1.0
Fighting       | |  3.9
Armour         | |  2.4

Action                   |  1- 3 |  4- 6 || total
-------------------------+-------+-------++-------
Melee: Hand axe          |   115 |    41 ||   156
Invok: Berserk           |       |     1 ||     1
  Use: Potion            |       |     2 ||     2
  Eat: Chunk             |       |     2 ||     2
Armor: Animal skin       |    36 |    25 ||    61
Dodge: Dodged            |    92 |    45 ||   137
